 Dungeon Crawl Stone Soup version 0.27.1 (webtiles) character file.

Game seed: 18314102988664141615

91 Larwick the Shield-Bearer (level 4, 0/44 HPs)
             Began as a Troll Fighter on Aug 22, 2021.
             Was a Believer of Kikubaaqudgha.
             Slain by an ogre (31 damage)
             ... on level 4 of the Dungeon.
             The game lasted 00:24:11 (2391 turns).

Larwick the Shield-Bearer (Troll Fighter)           Turns: 2391, Time: 00:24:12

Health: 0/44       AC:  4    Str: 24    XL:     4   Next: 33%
Magic:  2/3        EV:  8    Int:  5    God:    Kikubaaqudgha [**....]
Gold:   87         SH:  9    Dex:  9    Spells: 2/3 levels left

rFire    . . .     SeeInvis .   q - +3 hand axe
rCold    . . .     Faith    .   c - +0 kite shield
rNeg     . . .     Spirit   .   b - +0 robe
rPois    .         Reflect  .   (helmet restricted)
rElec    .         Harm     .   (no cloak)
rCorr    .         Rampage  .   (gloves unavailable)
Will     +....                  (boots unavailable)
Stlth    +.........             (no amulet)
HPRegen  1.14/turn              s - ring of willpower
MPRegen  0.08/turn              (no ring)

@: very slightly contaminated
A: large, unfitting armour, claws 3, regeneration 1, shaggy fur 1, tough skin 1
a: Renounce Religion, Receive Corpses


You were on level 4 of the Dungeon.
You worshipped Kikubaaqudgha.
Kikubaaqudgha was pleased with you.
You visited 1 branch of the dungeon, and saw 4 of its levels.

You collected 137 gold pieces.
You spent 50 gold pieces at shops.

Inventory:

Hand Weapons
 a - a +0 flail
 o - a +0 glaive
 q - a +3 hand axe (weapon)
Missiles
 r - 19 arrows
 t - 12 poisoned darts (quivered)
Armour
 b - a +0 robe (worn)
 c - a +0 kite shield (worn)
Jewellery
 s - a ring of willpower (left claw)
Scrolls
 e - 2 scrolls of teleportation
 g - a scroll of identify
 i - a scroll of summoning {unknown}
 l - a scroll of amnesia {unknown}
 m - a scroll of brand weapon {unknown}
Potions
 d - a potion of heal wounds {unknown}
 f - a potion of resistance {unknown}
 h - 2 potions of attraction {unknown}
 k - a potion of degeneration {unknown}
 n - a potion of haste
 p - a potion of curing {unknown}


   Skills:
 + Level 2.7 Fighting
 + Level 2.5 Maces & Flails
 + Level 3.0 Dodging
 + Level 3.1 Shields
 * Level 0.1 Necromancy


You had 2 spell levels left.
You knew the following spells:

 Your Spells              Type           Power      Damage    Failure   Level
a - Pain                  Necr           0%         1d4       88%         1

Your spell library contained the following spells:

 Spells                   Type           Power      Damage    Failure   Level
 Animate Skeleton         Necr           0%         N/A       88%         1
 Sublimation of Blood     Necr           0%         N/A       95%         2
 Blink                    Tloc           N/A        N/A       96%         2
 Call Canine Familiar     Summ           0%         N/A       99%         3
 Portal Projectile        Hex/Tloc       0%         N/A       99%         3
 Vampiric Draining        Necr           0%         2d6       99%         3
 Leda's Liquefaction      Hex/Erth       0%         N/A       100%        4
 Manifold Assault         Tloc           0%         N/A       100%        5
 Storm Form               Tmut/Air       0%         N/A       100%        7


Dungeon Overview and Level Annotations

Branches:
Dungeon (4/15)
 Temple: D:4-7

Altars:
Kikubaaqudgha
Ru
Zin

Shops:
D:1 *

Annotations:
D:3 Sigmund


Innate Abilities, Weirdness & Mutations

You are too large for most types of armour.
You have claws for hands.
Your natural rate of healing is unusually fast.
You are covered in fur. (AC +1)
You have tough skin. (AC +1)


Message History

Kikubaaqudgha accepts your kill.
You see here a quokka corpse.
Found 10 gold pieces.
There is an escape hatch in the ceiling here.
d - a glowing ruby potion
Found an escape hatch in the floor.
h - 2 glowing blue potions (gained 1)
You now have 87 gold pieces (gained 10).
Found the +4 robe of Augmentation {Str+4 Int+4 Dex+4}.
Found a scroll labelled MIKHLO LOQEY.
You see here the +4 robe of Augmentation {Str+4 Int+4 Dex+4}.
An ogre comes into view. It is wielding a +0 giant club.
The ogre shouts!
A quokka skeleton comes into view.
You see here a scroll labelled MIKHLO LOQEY.
You hit the ogre.
The ogre is lightly wounded.
The ogre barely misses you. The ogre hits you with a +0 giant club!
You slash the quokka skeleton!
You destroy the quokka skeleton!
Kikubaaqudgha accepts your kill. You block the ogre's attack.
There is an escape hatch in the floor here.
Casting: Pain (safe; 88% risk of failure)
Confirm with . or Enter, or press ? or * to list all spells.
Aiming: Pain (safe; 88% risk of failure)
Press: ? - help, Shift-Dir - straight line, f - ogre
Aim: an ogre, wielding a +0 giant club (lightly wounded, chance to affect: 32%)
You miscast Pain.
You are very lightly contaminated with residual magic.
Nothing appears to happen.
You hit the ogre.
The ogre is moderately wounded.
The ogre hits you with a +0 giant club! You block the ogre's attack.
You slash the ogre!
The ogre is severely wounded.
The ogre hits you with a +0 giant club!!
Ouch! That really hurt!
You die...
Kikubaaqudgha rasps: "You have failed me!
Welcome... death!"

.........#..........
..........#.......... ....
#.........#.......#
.....#.........#.......#
.....#.........#.......#
.........#............?....#
..................>........#
.............##............#
................@O.........+
.....................[.....#
...........................#
....#.........#............+
....#.........#............#
....#...............####.###
....#................. ...
....##................. ....
...†...<....#.##....... ....


You could see an ogre.

Vanquished Creatures
  2 adders
  5 dart slugs
  4 orcs (D:3)
  5 endoplasms
  A giant cockroach (D:1)
  3 goblins
  5 hobgoblins
  4 kobolds
  3 quokkas
  7 ball pythons
  11 bats
  2 frilled lizards
  A quokka skeleton (D:4)
  3 rats
56 creatures vanquished.

Notes
Turn   | Place    | Note
-------+----------+-------------------------------------------
     0 | D:1      | Larwick the Troll Fighter began the quest for the Orb.
     0 | D:1      | Reached XP level 1. HP: 22/22 MP: 0/0
   177 | D:1      | Reached XP level 2. HP: 29/29 MP: 1/1
   221 | D:1      | Found a faded altar of an unknown god.
   236 | D:1      | Became a worshipper of Kikubaaqudgha
   236 | D:1      | Reached * piety under Kikubaaqudgha
   236 | D:1      | Received a gift from Kikubaaqudgha
   254 | D:1      | Learned a level 1 spell: Pain
   457 | D:1      | Found Rearumm's Assorted Antiques.
   467 | D:1      | Bought a scroll labelled SAOK PYFRANGIOMABA for 18 gold
                  | pieces
   467 | D:1      | Bought a sedimented black potion for 16 gold pieces
   467 | D:1      | Bought a smoky inky potion for 16 gold pieces
   926 | D:2      | Reached XP level 3. HP: 36/36 MP: 2/2
  1265 | D:2      | Found a sacrificial altar of Ru.
  1331 | D:2      | Reached ** piety under Kikubaaqudgha
  1965 | D:3      | Reached XP level 4. HP: 44/44 MP: 3/3
  1995 | D:3      | Found a glowing silver altar of Zin.
  2241 | D:3      | Noticed Sigmund
  2363 | D:4      | Found the +4 robe of Augmentation {Str+4 Int+4 Dex+4}
  2376 | D:4      | Noticed an ogre
  2391 | D:4      | Slain by an ogre

Illustrated notes

Levels and vault maps discovered:
D:1:      erik_arrival_blinker_ship, layout_basic,
          ebering_ecumenical_altar_hall, serial_shops, shop,
          palyth_stone_intersect, minivault_11, chequers_mini_garden,
          st_stairs_11
D:2:      layout_loops_corners, basic_altar
D:3:      layout_basic, mainiacjoe_overflow_surrounded_room, bh_walls_and_bars,
          uniq_sigmund
D:4:      layout_basic, nicolae_overflow_hidden_temple,
          minmay_temple_entry_poolview, minmay_checkerbox

Skill      XL: |  1  2  3 |
---------------+----------+-----
Maces & Flails | 2 |  2.5
Shields        | 3 |  3.1
Dodging        | 3 |  3.0
Fighting       | |  2.7
Necromancy     | |  0.1

Action                   |  1- 3 |  4- 6 || total
-------------------------+-------+-------++-------
Melee: Flail             |   132 |     6 ||   138
       Hand axe          |       |    28 ||    28
  Use: Scroll            |     2 |     2 ||     4
       Potion            |       |     2 ||     2
Armor: Robe              |   109 |    10 ||   119
Dodge: Dodged            |    92 |    15 ||   107
Block: Kite shield       |   122 |    13 ||   135
